 Dungeon Crawl Stone Soup version 0.29-a0-284-gf9362112df (webtiles) character file.

Game seed: 16420358597146238642

13535 Zarkeas03 the Basher (level 12, -1/116 HPs)
             Began as a Hill Orc Berserker on Mar 16, 2022.
             Was an Elder of Trog.
             Slain by an orc warlord
             ... wielding a +2 great sword
              (8 damage)
             ... on level 2 of the Orcish Mines on Mar 17, 2022.
             The game lasted 01:27:14 (9807 turns).

Zarkeas03 the Basher (Hill Orc Berserker)           Turns: 9807, Time: 01:27:14

Health: -1/116     AC: 23    Str: 25    XL:     12   Next: 7%
Magic:  12/12      EV:  8    Int:  7    God:    Trog [****..]
Gold:   366        SH:  0    Dex: 12    Spells: 11/11 levels left

rFire   x . .      SeeInvis .   i - +6 scimitar (vorpal)
rCold   + . .      Faith    .   (no shield)
rNeg    . . .      Spirit   .   y - +0 plate armour
rPois   .          Reflect  .   c - +0 helmet
rElec   .          Harm     .   e - +1 cloak
rCorr   .          Rampage  .   (no gloves)
Will    .....                   (no boots)
Stlth   ..........              (no amulet)
HPRegen 0.29/turn               f - ring of ice
MPRegen 0.13/turn               J - +4 ring of protection

@: on berserk cooldown, slowed, very slow
A: agile 1, robust 1, MP-powered wands
a: Renounce Religion, Berserk, Trog's Hand, Brothers in Arms


You were on level 2 of the Orcish Mines.
You worshipped Trog.
Trog was greatly pleased with you.
You visited 2 branches of the dungeon, and saw 12 of its levels.

You collected 626 gold pieces.
You spent 260 gold pieces at shops.

Inventory:

Hand Weapons
 i - a +6 vorpal scimitar (weapon)
 m - the +6 whip of the Poles {drain, rPois Str+4 SInv}
   (You found it on level 2 of the Dungeon)

   A truly terrible weapon, it drains the life of any living foe it strikes.
   Str:       It affects your strength (+4).
   rPois:     It protects you from poison.
   SInv:      It lets you see invisible.
 t - a +3 vorpal scythe
 w - a +2 quarterstaff of chaos
 C - a +4 scimitar
 E - a +0 hunting sling of freezing
Missiles
 F - 3 throwing nets (quivered)
 H - 6 silver boomerangs
Armour
 c - a +0 helmet (worn)
 e - a +1 cloak (worn)
 r - a +2 leather armour of fire resistance
 y - a +0 plate armour (worn)
 A - +0 steam dragon scales
 D - the +1 leather armour of Incorporation {Int+4}
   (You found it on level 7 of the Dungeon)

   Int:       It affects your intelligence (+4).
Jewellery
 a - a ring of flight
 d - a ring of resist corrosion
 f - a ring of ice (left hand)
 k - a ring of flight
 p - a ring of magical power
 J - a +4 ring of protection (right hand)
 N - a ring of fire
Wands
 l - a wand of flame (5)
 M - a wand of polymorph (4)
Scrolls
 g - 3 scrolls of vulnerability
 h - 4 scrolls of teleportation
 q - a scroll of fog {unknown}
 s - a scroll of summoning
 x - a scroll of brand weapon {unknown}
 I - 3 scrolls of identify
 L - a scroll of blinking {unknown}
Potions
 n - a potion of curing
 o - 3 potions of attraction
 u - 2 potions of flight
 v - a potion of brilliance
 z - a potion of magic
 B - a potion of cancellation {unknown}
 K - a potion of degeneration {unknown}


   Skills:
 - Level 9.9 Fighting
 * Level 4.8 Long Blades
 - Level 5.0(11.3) Axes
 - Level 13.2(13.5) Maces & Flails
 - Level 12.6 Armour
 - Level 2.1 Dodging
 - Level 0.3 Stealth


You had 11 spell levels left.
You didn't know any spells.
Your spell library contained the following spells:

 Spells                   Type           Power      Damage    Failure   Level
 Portal Projectile        Hex/Tloc       0%         N/A       100%        3
 Blade Hands              Tmut           0%         N/A       100%        5
 Excruciating Wounds      Necr           0%         N/A       100%        5


Dungeon Overview and Level Annotations

Branches:
Dungeon (10/15)            Temple (0/1) D:6             Orc (2/2) D:10
    Elf (0/3) Orc:2
   Lair: D:8-11

Altars:
Cheibriados
Elyvilon
Gozag
Kikubaaqudgha
Trog
Uskayaw
Vehumet
Xom
Yredelemnul

Shops:
D:4 !   D:6 (   D:8 :*


Innate Abilities, Weirdness & Mutations

You are agile. (Dex +2)
You are robust. (+10% HP)
You expend magic power (3 MP) to strengthen your wands.


Message History

Items here: )))) †.
You feel a strong urge to attack something.
Things that are here:
a +0 arbalest; a +0 broad axe; a throwing net You feel your anger nearly subside.
You are no longer berserk.
You are exhausted.
You feel yourself slow down.
You feel the effects of Trog's Hand fading.
As you read the scroll of teleportation, it crumbles to dust.
You feel strangely unstable.
As you read the scroll of teleportation, it crumbles to dust.
You feel strangely stable.
The orc warrior hits you from afar with a +0 glaive!!
* * * LOW HITPOINT WARNING * * *
The orc warrior hits you from afar with a +0 glaive.
* * * LOW HITPOINT WARNING * * *
As you read the scroll of fear, it crumbles to dust.
You assume a fearsome visage.
The orc warrior looks frightened!
The orc warlord easily resists.
The warg looks frightened!
The orc warrior looks frightened! x2
You feel better.
Your skin stops crawling.
You feel less strong-willed.
A warg comes into view.
An orc comes into view. It is wielding a +0 hand axe.
Okay, then.
Okay, then.
The warg howls!
The orc shoots a bolt.
The bolt hits you.
* * * LOW HITPOINT WARNING * * *
Things that are here:
a +0 arbalest; a +0 broad axe; an orc corpse The orc shoots a bolt.
The bolt barely misses you.
The orc warlord hits you with a +2 great sword.
* * * LOW HITPOINT WARNING * * *
You hear a shout!
Your ogre goes berserk!
The orc shoots a bolt.
The bolt barely misses you.
An orc comes into view. It is wielding a +0 hand axe.
The orc warlord hits you with a +2 great sword!
You die...

###.......#..........
####........#
##......##.
#......#.....
##...............
#.......#......≈≈
##......#.....≈≈≈
###.#.#...........
##....@..))........
#.....o#.)#.....≈≈≈
##..)..O)o#).....≈≈
##.)).)).o.)......
##))).))#o..h....
#....#).##.......
##...#...##..##..
#....#........ .
##..#.#.....o..


You could see an orc warlord (ally target), 3 orcs and a friendly ogre
(summoned, berserk).

Vanquished Creatures
  A hydra (D:9)
  A two-headed ogre (D:9)
  The ghost of SirDiesAlot the Conjurer, a novice KoCj of Dithmenos (D:6)
  A cyclops (D:7)
  An orc sorcerer (Orc:1)
  An ugly thing (D:7)
  Joseph (D:7)
  A komodo dragon (D:7)
  Maggie (D:10)
  Psyche (D:9)
  A wraith (D:10)
  3 yaks (D:9)
  Sigmund (D:3)
  2 wyverns
  3 wargs (Orc:1)
  Menkaure (D:7)
  A two-headed ogre zombie (D:10)
  An acid dragon (D:8)
  3 water moccasins
  Duvessa (D:4)
  4 ice beasts
  9 orc warriors
  2 sky beasts
  An ogre (D:6)
  A centaur (D:10)
  2 phantoms
  A kobold brigand (D:7)
  3 bullfrogs
  A necrophage (D:8)
  3 scorpions
  Dowan (D:4)
  2 wights (D:7)
  2 troll zombies (D:10)
  20 killer bees
  9 howler monkeys
  4 crimson imps (D:6)
  A spectral centaur (D:6)
  A wyvern simulacrum (D:6)
  4 jellies
  Crazy Yiuf (D:3)
  2 hounds
  A gnoll shaman (D:7)
  3 orc priests
  Terence (D:3)
  5 iguanas
  7 orc wizards
  An ogre zombie (D:10)
  A spectral howler monkey (D:6)
  10 gnolls
  7 adders
  2 shadow imps (D:6)
  3 ufetubi
  3 dart slugs
  30 orcs
  5 ball pythons
  5 endoplasms
  8 giant cockroaches
  8 goblins
  4 hobgoblins
  2 jackals (D:2)
  A quokka (D:1)
  2 bats (D:1)
  11 frilled lizards
  4 goblin skeletons (D:10)
  A hobgoblin skeleton (D:10)
  2 hobgoblin zombies (D:10)
  7 kobolds
  An orc skeleton (D:10)
  8 orc zombies (D:10)
  6 rats
  A rat zombie (D:5)
  A spectral orc (D:6)
252 creatures vanquished.

Vanquished Creatures (collateral kills)
  Harold (D:9)
  A shadow (D:10)
  4 yaks (D:10)
  A two-headed ogre zombie (D:10)
  10 orc warriors (Orc:2)
  3 centaurs (Orc:2)
  3 ogre zombies (D:10)
  A gnoll (Orc:2)
  4 orcs (Orc:2)
  2 goblin zombies (D:10)
  7 orc zombies (D:10)
37 creatures vanquished.

Vanquished Creatures (others)
  A gnoll (Orc:2)
  A jackal (D:9)
2 creatures vanquished.

Grand Total: 291 creatures vanquished

Notes
Turn   | Place    | Note
-------+----------+-------------------------------------------
     0 | D:1      | Zarkeas03 the Hill Orc Berserker began the quest for the
                  | Orb.
     0 | D:1      | Reached XP level 1. HP: 19/19 MP: 1/1
   157 | D:1      | Reached XP level 2. HP: 16/27 MP: 2/2
   816 | D:1      | Reached XP level 3. HP: 33/33 MP: 3/3
  1081 | D:1      | Reached ** piety under Trog
  1188 | D:1      | Gained mutation: You sometimes lose the ability to read
                  | scrolls when taking damage. [potion of mutation]
  1188 | D:1      | Gained mutation: You are agile. (Dex +2) [potion of
                  | mutation]
  1188 | D:1      | Gained mutation: Armour fits poorly on your strangely
                  | shaped body. [potion of mutation]
  1286 | D:2      | Reached skill level 5 in Axes
  1500 | D:2      | Reached XP level 4. HP: 24/41 MP: 4/4
  1721 | D:2      | Identified the +6 whip of the Poles {drain, rPois Str+4
                  | SInv}
  2102 | D:3      | Noticed Terence
  2110 | D:3      | Killed Terence
  2166 | D:3      | Reached skill level 1 in Maces & Flails
  2261 | D:3      | Reached XP level 5. HP: 47/47 MP: 5/5
  2262 | D:3      | Found a faded altar of an unknown god.
  2309 | D:3      | Reached skill level 5 in Fighting
  2500 | D:3      | Noticed Sigmund
  2530 | D:3      | Killed Sigmund
  2531 | D:3      | Reached skill level 3 in Maces & Flails
  2531 | D:3      | Reached XP level 6. HP: 35/56 MP: 6/6
  2705 | D:3      | Found a runed translucent door.
  2706 | D:3      | Noticed Crazy Yiuf
  2802 | D:3      | Killed Crazy Yiuf
  2993 | D:4      | Reached skill level 4 in Maces & Flails
  2993 | D:4      | Reached XP level 7. HP: 50/62 MP: 7/7
  3057 | D:4      | Noticed Dowan
  3061 | D:4      | Noticed Duvessa
  3064 | D:4      | Killed Dowan
  3074 | D:4      | Killed Duvessa
  3079 | D:4      | Lost mutation: You sometimes lose the ability to read
                  | scrolls when taking damage. [potion of mutation]
  3079 | D:4      | Lost mutation: Armour fits poorly on your strangely shaped
                  | body. [potion of mutation]
  3079 | D:4      | Gained mutation: You are robust. (+10% HP) [potion of
                  | mutation]
  3079 | D:4      | Gained mutation: You expend magic power (3 MP) to
                  | strengthen your wands. [potion of mutation]
  3336 | D:4      | Found an opulent altar of Gozag.
  3524 | D:4      | Found Caoha's Distillery.
  3526 | D:4      | Reached skill level 5 in Armour
  3549 | D:4      | Bought a potion of resistance for 120 gold pieces
  3960 | D:5      | Entered Level 5 of the Dungeon
  3981 | D:5      | Reached skill level 5 in Maces & Flails
  3989 | D:5      | Reached *** piety under Trog
  4091 | D:5      | Noticed a wyvern
  4101 | D:5      | Killed a wyvern
  4102 | D:5      | Reached XP level 8. HP: 77/77 MP: 8/8
  4213 | D:5      | Reached skill level 6 in Maces & Flails
  4468 | D:5      | Reached skill level 7 in Maces & Flails
  4629 | D:5      | Found an ancient bone altar of Kikubaaqudgha.
  4863 | D:6      | Found a hide-covered altar of Uskayaw.
  4930 | D:6      | Reached skill level 8 in Maces & Flails
  4930 | D:6      | Reached XP level 9. HP: 82/85 MP: 9/9
  5014 | D:6      | Found a radiant altar of Vehumet.
  5092 | D:6      | Found a basalt altar of Yredelemnul.
  5158 | D:6      | Found a staircase to the Ecumenical Temple.
  5166 | D:6      | Found Jeim's Weapon Shop.
  5210 | D:6      | Found a runed translucent gate.
  5210 | D:6      | Found a runed translucent gate.
  5211 | D:6      | Found a runed translucent gate.
  5213 | D:6      | Noticed SirDiesAlot's ghost (novice KoCj)
  5228 | D:6      | Killed SirDiesAlot's ghost
  5229 | D:6      | Reached skill level 9 in Maces & Flails
  5334 | D:6      | Found a shimmering altar of Xom.
  5592 | D:7      | Noticed Menkaure
  5602 | D:7      | Killed Menkaure
  5810 | D:7      | Noticed Joseph
  5836 | D:7      | Killed Joseph
  5837 | D:7      | Reached skill level 10 in Maces & Flails
  5924 | D:7      | Found a white marble altar of Elyvilon.
  5987 | D:7      | Found a snail-covered altar of Cheibriados.
  6004 | D:7      | Reached XP level 10. HP: 94/94 MP: 10/10
  6079 | D:7      | Found a large runed translucent door.
  6079 | D:7      | Noticed a cyclops
  6080 | D:7      | Found a large runed translucent door.
  6083 | D:7      | Found a large runed translucent door.
  6083 | D:7      | Found a large runed translucent door.
  6108 | D:7      | Killed a cyclops
  6150 | D:7      | Identified the +1 leather armour of Incorporation {Int+4}
  6335 | D:7      | Reached **** piety under Trog
  6552 | D:7      | Reached skill level 11 in Maces & Flails
  6604 | D:7      | Noticed a white ugly thing
  6620 | D:7      | Killed a white ugly thing
  7055 | D:8      | Reached skill level 10 in Armour
  7180 | D:8      | Found a bloodstained altar of Trog.
  7184 | D:8      | Found Wouluazu's Book Shoppe.
  7966 | D:8      | Found Vetwir's Assorted Antiques.
  7977 | D:8      | Bought a large tourmaline ring for 140 gold pieces
  8298 | D:9      | Noticed a two-headed ogre
  8306 | D:9      | Killed a two-headed ogre
  8307 | D:9      | Reached skill level 12 in Maces & Flails
  8307 | D:9      | Reached XP level 11. HP: 104/104 MP: 11/11
  8313 | D:9      | Noticed Psyche
  8334 | D:9      | Killed Psyche
  8634 | D:9      | Noticed Harold
  8647 | D:9      | Killed Harold
  8757 | D:9      | Noticed a six-headed hydra
  8766 | D:9      | Killed a six-headed hydra
  8978 | D:10     | Entered Level 10 of the Dungeon
  9047 | D:10     | Noticed Maggie
  9061 | D:10     | Reached skill level 13 in Maces & Flails
  9062 | D:10     | Killed Maggie
  9101 | D:10     | Found a staircase to the Orcish Mines.
  9134 | Orc:1    | Entered Level 1 of the Orcish Mines
  9135 | Orc:1    | Noticed an orc sorcerer
  9155 | Orc:1    | Killed an orc sorcerer
  9177 | Orc:1    | Reached skill level 1 in Long Blades
  9507 | Orc:2    | Entered Level 2 of the Orcish Mines
  9507 | Orc:2    | Found a staircase to the Elven Halls.
  9776 | Orc:2    | Reached XP level 12. HP: 45/116 MP: 12/12
  9791 | Orc:2    | Noticed an orc warlord
  9807 | Orc:2    | Slain by an orc warlord

Illustrated notes

Levels and vault maps discovered:
D:1:      dpeg_arrival_radiant, layout_loops_ring, st_stairs_5,
          minmay_lizard_pond
D:2:      layout_loops_cross
D:3:      layout_rooms, chequers_ecumenical_altar_island, uniq_terence,
          uniq_sigmund, uniq_crazy_yiuf_cottage
D:4:      layout_basic, mainiacjoe_overflow_chevrons, serial_shops,
          nicolae_diamond_shop, uniq_duvessa
D:5:      layout_rooms, lemuel_zombie_altar_kikubaaqudgha
D:6:      layout_basic, nicolae_uskayaw_dance_hall,
          yredelemnul_forgotten_temple_becter, led_xom_imps,
          nicolae_vehumet_altar_sigil, minmay_temple_entry_glass,
          gammafunk_ghost_necromancy, serial_shops, nicolae_take_the_stairs
D:7:      layout_gridville, elyvilon_altar_3, kennysheep_slug_shrine,
          minmay_hollow_rounded_squares, uniq_joseph, uniq_menkaure
D:8:      nicolae_cairo_tiling_very_big, layout_gridville,
          mainiacjoe_overflow_brackets, serial_shops, shop,
          nicolae_shop_competitors_out_of_business, minivault_26
D:9:      layout_rooms, uniq_psyche, uniq_harold
D:10:     layout_cave_pods, mainiacjoe_overflow_cross_hatched, lair_entry_dummy,
          zombieorc2_lemuel, uniq_maggie
Orc:1:    layout_caves
Orc:2:    st_orc_rangers, layout_caves, uniq_donald

Skill      XL: |  1  2  3  4  5  6  7  8  9 10 11 12 |
---------------+-------------------------------------+-----
Fighting       | 4 5 6 7 8 9 |  9.9
Axes           | 5 |  5.0
Dodging        | 2 |  2.1
Maces & Flails | 1 3 4 5 8 10 12 13 | 13.2
Armour         | 3 4 5 7 8 10 12 | 12.6
Long Blades    | 3 4 |  4.8
Stealth        | |  0.3

Action                   |  1- 3 |  4- 6 |  7- 9 | 10-12 || total
-------------------------+-------+-------+-------+-------++-------
Melee: Hand axe          |    92 |    10 |       |       ||   102
       Whip              |       |    61 |   285 |   377 ||   723
       Punch             |       |     1 |     4 |     6 ||    11
       Scimitar          |       |       |       |    91 ||    91
Throw: Throwing net      |       |       |       |     1 ||     1
Invok: Berserk           |     2 |     3 |     5 |    10 ||    20
       Trog's Hand       |       |       |     2 |     4 ||     6
       Brothers in Arms  |       |       |       |     4 ||     4
Evoke: Wand              |       |       |     1 |       ||     1
  Use: Scroll            |     5 |     4 |     6 |     7 ||    22
       Potion            |     1 |     1 |     1 |     8 ||    11
 Stab: Distracted        |       |       |       |     1 ||     1
Armor: Animal skin       |    18 |     3 |       |       ||    21
       Scale mail        |       |    15 |       |       ||    15
       Chain mail        |       |     3 |    55 |       ||    58
       Plate armour      |       |       |    67 |   401 ||   468
Dodge: Dodged            |    66 |    37 |    74 |   242 ||   419

Table legend: (Time is in decaauts)
 A = Elapsed time spent in this place.
 B = Non-inter-level travel time spent in this place.
 C = Inter-level travel time spent in this place.
 D = Time resting spent in this place.
 E = Time spent auto-exploring this place.
 F = Levels seen in this place.
 G = Mean time per level.
                   A        B        C        D        E       F      G
               +--------+--------+--------+--------+--------+-----+--------+
         Total |   9765 |   9511 |    254 |    110 |   6197 |  12 |  813.8 |
       Dungeon |   9056 |   8802 |    254 |      0 |   5899 |  10 |  905.6 |
  Orcish Mines |    709 |    709 |      0 |    110 |    298 |   2 |  354.5 |
               +--------+--------+--------+--------+--------+-----+--------+

Top non-repeatable levels by time:
     D:7: 1439 daAuts
     D:1: 1252 daAuts
     D:8: 1211 daAuts
     D:4: 1031 daAuts
     D:2: 874 daAuts
     D:3: 855 daAuts
     D:5: 782 daAuts
     D:6: 777 daAuts
     D:9: 708 daAuts
   Orc:1: 396 daAuts
   Orc:2: 312 daAuts
    D:10: 123 daAuts
